 Dungeon Crawl Stone Soup version 0.29.0-4-gdea44cf6ec (webtiles) character file.

Game seed: 12506342762775313779

1512 qw the Grappler (level 8, -4/75 HPs)
             Began as a Troll Cinder Acolyte on Sept 2, 2022.
             Was an Elder of Ignis.
             Killed from afar by Sigmund (13 damage)
             ... with a bolt of light
             ... on level 5 of the Dungeon.
             The game lasted 00:02:23 (4315 turns).

qw the Grappler (Troll Cinder Acolyte)              Turns: 4315, Time: 00:02:23

Health: -4/75      AC:  4    Str: 25    XL:     8   Next: 53%
Magic:  8/8        EV:  9    Int: 10    God:    Ignis [****..]
Gold:   332        SH:  0    Dex:  5    Spells: 9/9 levels left

rFire   + . .      SeeInvis .     - Unarmed
rCold   . . .      Faith    .   (no shield)
rNeg    . . .      Spirit   .   a - +0 robe
rPois   .          Reflect  .   (helmet restricted)
rElec   .          Harm     .   (no cloak)
rCorr   .          Rampage  .   (gloves unavailable)
Will    .....                   (boots unavailable)
Stlth   +.........              i - amulet of regeneration
HPRegen 1.82/turn               (no ring)
MPRegen 0.11/turn               (no ring)

@: confused
A: large, unfitting armour, claws 3, regeneration 1, shaggy fur 1, tough skin 1
a: Renounce Religion, Fiery Armour, Foxfire Swarm, Rising Flame


You were on level 5 of the Dungeon.
You worshipped Ignis.
Ignis was greatly pleased with you.
You visited 1 branch of the dungeon, and saw 5 of its levels.

You collected 332 gold pieces.


Innate Abilities, Weirdness & Mutations

You are too large for most types of armour.
You have claws for hands.
Your natural rate of healing is unusually fast.
You are covered in fur. (AC +1)
You have tough skin. (AC +1)


   Skills:
 + Level 3.3 Fighting
 - Level 2.2 Throwing
 - Level 1.7 Dodging
 - Level 10.1 Unarmed Combat
 - Level 1.0 Spellcasting
 - Level 2.1 Fire Magic


You had 9 spell levels left.
You didn't know any spells.
Your spell library contained the following spells:

 Spells                   Type           Power      Damage    Failure   Level
 Scorch                   Fire           8%         2d5       22%         2

Inventory:

Missiles
 c - a boomerang
 l - 2 javelins (quivered)
Armour
 a - a +0 robe (worn)
Jewellery
 i - an amulet of regeneration (around neck)
Scrolls
 b - 3 scrolls of identify
 f - 2 scrolls of teleportation
Potions
 e - a potion of magic {unknown}
 g - 2 potions of heal wounds
 h - a potion of might {unknown}
 j - 2 potions of degeneration {unknown}
 k - a potion of mutation {unknown}

Dungeon Overview and Level Annotations

Branches:
Dungeon (5/15)
 Temple: D:4-7

Altars:
The Shining One

Annotations:
D:5 Sigmund


Message History

You hear a zap.
A bolt of light appears from out of thin air!
The bolt of light hits you! Something hits you but does no damage.
You're too confused to attack without stumbling around!
There is a strange disturbance nearby!
Something hits you but does no damage.
You're too confused to attack without stumbling around!
There is a strange disturbance nearby!
Something hits you.
You're too confused to attack without stumbling around!
There is a strange disturbance nearby!
You hear some strange, mumbled words.
A puff of flame appears from out of thin air!
The puff of flame hits you. You resist.
You're too confused to attack without stumbling around!
There is a strange disturbance nearby!
You hear a zap.
A bolt of light appears from out of thin air!
The bolt of light misses you.
You're too confused to attack without stumbling around!
There is a strange disturbance nearby!
You feel less confused. Something hits you but does no damage.
You swing at nothing.
You hear some strange, mumbled words.
Something tries to affect you, but you resist.
You swing at nothing.
Something hits you.
You swing at nothing.
Something hits you.
You swing at nothing.
You hear a zap.
A bolt of light appears from out of thin air!
The bolt of light hits you!
You swing at nothing.
You hear a zap.
A bolt of light appears from out of thin air!
The bolt of light hits you!
You are confused.
You die...

#.....####.....####
#..#####..####..# #
#.. #..#..#### # #..
+..#..#..# # #..
####)##'#..##+# #..
#..).)........# #..
#..#....#'##..#
#..######.##'#..#.##
#..@.).'..#..#.)#.#.
#..#...#..#).####.'.
#.{#####.##### #.##
#>.#..#..))..# #..)
#..#[.'..#.(.# #..#
#..#####.#...##+#..#
#.. +.#####.....+
#.. #........#+##
##+#..#)##


There were no monsters in sight!

Vanquished Creatures
  Grinder (D:3)
  Edmund (D:4)
  Duvessa (D:5)
  An ice beast (D:3)
  2 ogres (D:4)
  A centaur (D:5)
  A phantom (D:5)
  3 scorpions
  Dowan (D:5)
  A crimson imp (D:4)
  A jelly (D:5)
  2 orc priests (D:2)
  2 hounds (D:5)
  3 iguanas (D:5)
  An orc wizard (D:2)
  A mummy (D:4)
  A gnoll (D:5)
  2 adders
  A white imp (D:5)
  An ufetubus (D:5)
  3 worms
  3 dart slugs
  17 orcs
  5 endoplasms
  A giant cockroach (D:3)
  10 hobgoblins
  7 jackals
  16 kobolds
  2 quokkas
  6 ball pythons
  4 bats
  5 frilled lizards
  15 goblins
  A goblin skeleton (D:4)
  2 goblin zombies (D:4)
  3 hobgoblin zombies (D:4)
  A kobold skeleton (D:4)
  An orc skeleton (D:4)
  An orc zombie (D:4)
  A rat (D:1)
132 creatures vanquished.

Notes
Turn   | Place    | Note
-------+----------+-------------------------------------------
     0 | D:1      | qw the Troll Cinder Acolyte began the quest for the Orb.
     0 | D:1      | Reached XP level 1. HP: 22/22 MP: 1/1
     0 | D:1      | 0 ||| qw: Version: 0.1-a-97-g2dd2ca4
     0 | D:1      | 0 ||| qw: Game counter: 4992
     0 | D:1      | 0 ||| qw: Always use a shield: true
     0 | D:1      | 0 ||| qw: God list: Okawaru
     0 | D:1      | 0 ||| qw: Allow faded altars: false
     0 | D:1      | 0 ||| qw: Do Orc after D:15 true
     0 | D:1      | 0 ||| qw: Do second Lair branch before Depths: true
     0 | D:1      | 0 ||| qw: Lair rune preference: random
     0 | D:1      | 0 ||| qw: Plans: Normal
     0 | D:1      | 0 ||| PLANNING D:1-11
   214 | D:1      | Reached XP level 2. HP: 23/29 MP: 2/2
   286 | D:1      | 286 ||| Stepping ~*~*~tactically~*~*~ (stealth).
   287 | D:1      | 287 ||| Stepping ~*~*~tactically~*~*~ (stealth).
   298 | D:1      | Reached skill level 4 in Unarmed Combat
   381 | D:1      | 381 ||| Stepping ~*~*~tactically~*~*~ (stealth).
   383 | D:1      | 383 ||| Stepping ~*~*~tactically~*~*~ (outnumbered).
   458 | D:1      | 458 ||| Stepping ~*~*~tactically~*~*~ (hiding).
   466 | D:1      | Reached XP level 3. HP: 36/36 MP: 3/3
   879 | D:1      | 879 ||| UPGRADING to amulet of regeneration.
   884 | D:1      | 884 ||| READING scroll labelled HIUDO ELIM VOEM.
   885 | D:1      | 885 ||| READING scroll labelled KENEYJ ZAILEM.
   886 | D:1      | 886 ||| READING scroll labelled JEHILI HUDAILL.
   890 | D:1      | 890 ||| READING scroll labelled DILECUL UXADGHE.
   934 | D:2      | Found a faded altar of an unknown god.
  1039 | D:2      | Reached skill level 1 in Throwing
  1473 | D:2      | 1473 ||| INVOKING Fiery Armour.
  1479 | D:2      | Reached XP level 4. HP: 44/44 MP: 4/4
  1488 | D:2      | Reached skill level 5 in Unarmed Combat
  1523 | D:2      | Reached XP level 5. HP: 50/50 MP: 5/5
  1781 | D:2      | 1781 ||| READING scroll labelled UGETOG UKOR.
  1919 | D:3      | 1919 ||| Stepping ~*~*~tactically~*~*~ (stealth).
  1921 | D:3      | 1921 ||| Stepping ~*~*~tactically~*~*~ (stealth).
  1994 | D:3      | Noticed an ice beast
  1999 | D:3      | Killed an ice beast
  2000 | D:3      | Reached skill level 6 in Unarmed Combat
  2073 | D:3      | 2073 ||| Stepping ~*~*~tactically~*~*~ (stealth).
  2159 | D:3      | Noticed Grinder
  2160 | D:3      | 2160 ||| Stepping ~*~*~tactically~*~*~ (hiding).
  2171 | D:3      | 2171 ||| INVOKING Fiery Armour.
  2173 | D:3      | Killed Grinder
  2174 | D:3      | Reached skill level 7 in Unarmed Combat
  2174 | D:3      | Reached XP level 6. HP: 24/59 MP: 6/6
  2177 | D:3      | 2177 ||| FLEEEEING.
  2220 | D:3      | 2220 ||| Stepping ~*~*~tactically~*~*~ (stealth).
  2221 | D:3      | 2221 ||| Stepping ~*~*~tactically~*~*~ (stealth).
  2222 | D:3      | 2222 ||| Stepping ~*~*~tactically~*~*~ (hiding).
  2231 | D:3      | 2231 ||| Stepping ~*~*~tactically~*~*~ (stealth).
  2232 | D:3      | 2232 ||| Stepping ~*~*~tactically~*~*~ (stealth).
  2412 | D:3      | 2412 ||| Stepping ~*~*~tactically~*~*~ (hiding).
  2725 | D:3      | 2725 ||| READING scroll labelled DUOQYT XIMUMP.
  2741 | D:3      | 2741 ||| DRINKING 2 sedimented silvery potions.
  2784 | D:4      | 2784 ||| PLANNING OSSUARY
  2801 | D:4      | Reached XP level 7. HP: 66/66 MP: 7/7
  2840 | D:4      | Noticed Edmund
  2846 | D:4      | 2846 ||| INVOKING Fiery Armour.
  2853 | D:4      | Killed Edmund
  2854 | D:4      | Reached skill level 8 in Unarmed Combat
  3043 | D:4      | Reached skill level 3 in Fighting
  3448 | D:4      | 3448 ||| Stepping ~*~*~tactically~*~*~ (stealth).
  3449 | D:4      | 3449 ||| Stepping ~*~*~tactically~*~*~ (stealth).
  3452 | D:4      | Found a glowing golden altar of the Shining One.
  3456 | D:4      | 3456 ||| Stepping ~*~*~tactically~*~*~ (outnumbered).
  3457 | D:4      | 3457 ||| Stepping ~*~*~tactically~*~*~ (outnumbered).
  3465 | D:4      | 3465 ||| Stepping ~*~*~tactically~*~*~ (outnumbered).
  3466 | D:4      | 3466 ||| Stepping ~*~*~tactically~*~*~ (outnumbered).
  3562 | D:4      | 3562 ||| RIP OSSUARY
  3592 | D:4      | 3592 ||| PLANNING D:1-11
  3690 | D:4      | 3690 ||| DRINKING 3 white potions.
  3723 | D:4      | 3723 ||| READING 2 scrolls of identify.
  3723 | D:4      | 3723 ||| IDENTIFYING fuming puce potion
  3724 | D:4      | 3724 ||| DROPPING potion of berserk rage.
  3725 | D:4      | 3725 ||| DROPPING 2 potions of lignification.
  3753 | D:5      | Entered Level 5 of the Dungeon
  3758 | D:5      | Reached skill level 9 in Unarmed Combat
  3768 | D:5      | Reached XP level 8. HP: 74/75 MP: 8/8
  3774 | D:5      | 3774 ||| Stepping ~*~*~tactically~*~*~ (hiding).
  3780 | D:5      | 3780 ||| Stepping ~*~*~tactically~*~*~ (stealth).
  3782 | D:5      | 3782 ||| Stepping ~*~*~tactically~*~*~ (stealth).
  3888 | D:5      | 3888 ||| Stepping ~*~*~tactically~*~*~ (hiding).
  3889 | D:5      | 3889 ||| Stepping ~*~*~tactically~*~*~ (hiding).
  3896 | D:5      | Reached skill level 1 in Dodging
  3952 | D:5      | 3952 ||| Stepping ~*~*~tactically~*~*~ (stealth).
  3953 | D:5      | 3953 ||| Stepping ~*~*~tactically~*~*~ (stealth).
  3954 | D:5      | 3954 ||| Stepping ~*~*~tactically~*~*~ (stealth).
  3959 | D:5      | 3959 ||| Stepping ~*~*~tactically~*~*~ (stealth).
  4014 | D:5      | Noticed Dowan
  4015 | D:5      | 4015 ||| Stepping ~*~*~tactically~*~*~ (stealth).
  4018 | D:5      | Noticed Duvessa
  4019 | D:5      | 4019 ||| Stepping ~*~*~tactically~*~*~ (hiding).
  4025 | D:5      | 4025 ||| INVOKING Fiery Armour.
  4028 | D:5      | 4028 ||| Stepping ~*~*~tactically~*~*~ (outnumbered).
  4030 | D:5      | 4030 ||| Stepping ~*~*~tactically~*~*~ (outnumbered).
  4033 | D:5      | Killed Dowan
  4042 | D:5      | Killed Duvessa
  4043 | D:5      | Reached skill level 10 in Unarmed Combat
  4138 | D:5      | 4138 ||| Stepping ~*~*~tactically~*~*~ (hiding).
  4146 | D:5      | 4146 ||| Stepping ~*~*~tactically~*~*~ (stealth).
  4277 | D:5      | Noticed Sigmund
  4307 | D:5      | HP: 18/75 [something (6)]
  4313 | D:5      | HP: 18/75 [something (6)]
  4314 | D:5      | HP: 8/75 [something/bolt of light (11)]
  4315 | D:5      | Killed from afar by Sigmund

Levels and vault maps discovered:
D:1:      dpeg_arrival_lava_temple_mockup, layout_basic, amethyst_killhole,
          roderic_serpentine_path
D:2:      layout_loops_corners, basic_ecumenical_altar
D:3:      layout_loops_ring, kennysheep_generic_room_15, uniq_grinder
D:4:      layout_loops_ring, nicolae_tso_besieged_by_evil,
          nicolae_ossuary_entry_giza, uniq_edmund
D:5:      corexii_shantytown, layout_rooms, grunt_ministairs_6, st_stairs_6,
          uniq_duvessa, uniq_sigmund

Skill      XL: |  1  2  3  4  5  6  7  8 |
---------------+-------------------------+-----
Unarmed Combat | 4 5 7 9 10 | 10.1
Throwing       | 1 2 |  2.2
Fighting       | 3 |  3.3
Dodging        | 1 |  1.7
Spellcasting   | |  1.0
Fire Magic     | |  2.1

Action                   |  1- 3 |  4- 6 |  7- 9 || total
-------------------------+-------+-------+-------++-------
Melee: Unarmed           |    77 |    85 |   147 ||   309
       Punch             |     2 |     1 |     3 ||     6
Throw: Javelin           |    19 |    23 |    37 ||    79
Invok: Fiery Armour      |     1 |     1 |     2 ||     4
  Use: Scroll            |     4 |     2 |     1 ||     7
       Potion            |       |     1 |     1 ||     2
Armor: Robe              |    34 |    27 |    36 ||    97
Dodge: Dodged            |    24 |    25 |    35 ||    84

Table legend:
 A = Non-vault XP
 B = Vault XP
 C = Vault XP percentage of total XP
 D = Non-vault monster count
 E = Vault monster count
 F = Vault count percentage of total count
                 A         B        C        D         E       F
            +---------+---------+-------+---------+---------+-------
      Total |    1378 |     782 |  36.2 |      98 |      34 |  25.8
            +---------+---------+-------+---------+---------+-------
        D:1 |      49 |       0 |   0.0 |      28 |       0 |   0.0
        D:2 |     151 |       0 |   0.0 |      16 |       0 |   0.0
        D:3 |     187 |     284 |  60.3 |      25 |       3 |  10.7
        D:4 |     434 |     243 |  35.9 |      13 |      12 |  48.0
        D:5 |     557 |     255 |  31.4 |      16 |      19 |  54.3
            +---------+---------+-------+---------+---------+-------
